 Dungeon Crawl Stone Soup version 0.21.1-1-g345015f (webtiles) character file.

77 Fang the Skirmisher (level 4, 0/29 HPs)
             Began as a Gargoyle Berserker on May 22, 2018.
             Was a Believer of Trog.
             Slain by an orc (2 damage)
             ... on level 3 of the Dungeon.
             The game lasted 00:02:37 (1448 turns).

Fang the Skirmisher (Gargoyle Berserker)            Turns: 1448, Time: 00:02:38

Health: 0/29       AC:  5    Str: 22    XL:     4   Next: 34%
Magic:  4/4        EV: 12    Int:  7    God:    Trog [**....]
Gold:   69         SH:  0    Dex:  9    Spells: 3/3 levels left

rFire    . . .     SeeInvis .   a - +0 hand axe
rCold    . . .     Gourm    .   (no shield)
rNeg     + . .     Faith    .   b - +0 animal skin
rPois    ∞         Spirit   .   (no helmet)
rElec    +         Reflect  .   (no cloak)
rCorr    .         Harm     .   (no gloves)
MR       .....                  (no boots)
Stlth    +.........             (no amulet)
HPRegen  0.09/turn              (no ring)
MPRegen  0.09/turn              (no ring)

@: berserk cooldown, slowed, very slow
A: negative energy resistance 1, electricity resistance, unbreathing,
petrification resistance, rot immunity, AC +3
a: Berserk, Trog's Hand, Burn Spellbooks, Renounce Religion


You were on level 3 of the Dungeon.
You worshipped Trog.
Trog was pleased with you.
You were not hungry.

You visited 1 branch of the dungeon, and saw 3 of its levels.

You collected 69 gold pieces.

Inventory:

Hand Weapons
 a - a +0 hand axe (weapon)
Armour
 b - a +0 animal skin (worn)
Jewellery
 n - an uncursed ring of magical power {unknown}
Scrolls
 e - 3 scrolls of identify {unknown}
 f - a scroll of teleportation {unknown}
 g - a scroll of immolation {unknown}
 h - a scroll of magic mapping {unknown}
 i - a scroll of blinking {unknown}
 k - a scroll of remove curse {unknown}
 m - a scroll of noise {unknown}
 o - a scroll of fear {unknown}
Potions
 d - a potion of curing {unknown}
 j - a potion of resistance {unknown}
 l - a potion of flight {unknown}
Comestibles
 c - a ration


   Skills:
 + Level 3.9 Fighting
 + Level 3.7 Axes
 + Level 2.3 Armour
 + Level 2.2 Dodging
 + Level 0.1 Stealth


You had 3 spell levels left.
You didn't know any spells.

Dungeon Overview and Level Annotations

Branches:
Dungeon (2/15)

Altars:


Innate Abilities, Weirdness & Mutations

You are resistant to torment.
Your stone body is resilient. (AC +3)
You are immune to poison.
You resist negative energy. (rN+)
You are resistant to electric shocks. (rElec)
You can survive without breathing.
You are immune to petrification.
You are immune to rotting.


Message History

The orc is moderately wounded.
You hit the plant but do no damage. x2; You completely miss the plant.
The orc hits you but does no damage. x2
You hit the orc.
The orc is moderately wounded.
You hit the plant but do no damage. x2; You hit the plant.
The orc hits you.
* * * LOW HITPOINT WARNING * * *
The orc hits you.
* * * LOW HITPOINT WARNING * * *
You barely miss the orc.
The orc is lightly wounded.
You hit the plant but do no damage. x3; The orc completely misses you.
You hit the orc.
The orc is severely wounded.
You hit the plant but do no damage. x3; The orc hits you.
* * * LOW HITPOINT WARNING * * *
The orc hits you but does no damage.
Your unstable footing causes you to fumble your attack.
The orc hits you.
You die...

...(....##+#####
........##.### ..
<.......##...## ...
.....#####.#..# ###'###
...)≈♣♣♣♣♣P♣≈.###.......
≈≈≈≈≈P♣≈≈≈♣≈♣≈P≈≈......
♣♣♣≈≈≈≈≈≈≈≈≈≈≈≈≈♣≈....
≈≈♣≈≈♣≈≈≈≈≈≈≈≈PP≈≈♣♣
≈♣P≈≈≈≈≈≈≈≈≈≈≈≈)@P≈♣
≈≈P≈≈≈≈≈≈≈≈≈≈≈≈Po♣≈P≈≈..
♣≈≈≈≈≈≈≈≈≈≈≈≈≈≈≈≈P≈≈≈≈P.
≈≈P≈≈≈≈≈≈≈≈≈≈≈≈≈≈≈≈♣≈♣♣$
≈≈≈≈≈≈≈≈≈≈≈≈≈≈≈P≈♣≈≈≈♣
≈♣≈≈≈≈≈≈≈≈≈≈≈≈P≈P♣≈≈♣♣
≈≈≈≈≈≈≈≈≈≈≈≈≈≈♣
≈≈PP≈≈P≈P♣P♣.# ≈≈≈≈


You could see an orc.

Vanquished Creatures
  An adder (D:1)
  A worm (D:1)
  A leopard gecko (D:3)
  3 orcs (D:3)
  A ball python (D:1)
  7 goblins
  4 hobgoblins
  12 jackals (D:1)
  9 kobolds
  7 bats
  5 frilled lizards
  5 rats
56 creatures vanquished.

Notes
Turn   | Place    | Note
-------+----------+-------------------------------------------
     0 | D:1      | Fang the Gargoyle Berserker began the quest for the Orb.
     0 | D:1      | Reached XP level 1. HP: 14/14 MP: 1/1
    39 | D:1      | Reached XP level 2. HP: 13/19 MP: 2/2
   567 | D:1      | Reached ** piety under Trog
   567 | D:1      | Reached XP level 3. HP: 21/23 MP: 3/3
  1184 | D:2      | Reached XP level 4. HP: 29/29 MP: 4/4
  1199 | D:2      | You fall through a shaft!
  1448 | D:3      | Slain by an orc

Skill      XL: |  1  2  3 |
---------------+----------+-----
Axes           | 3 |  3.7
Dodging        | 2 |  2.2
Fighting       | |  3.9
Armour         | |  2.3
Stealth        | |  0.1

Action                   |  1- 3 |  4- 6 || total
-------------------------+-------+-------++-------
Melee: Hand axe          |   109 |    67 ||   176
Invok: Berserk           |     3 |     1 ||     4
  Eat: Chunk             |     3 |       ||     3
       Ration            |       |     1 ||     1
Armor: Animal skin       |    41 |    21 ||    62
Dodge: Dodged            |   108 |    36 ||   144
